 Seeded DCSS version 0.29.1-13-g9f3cf754e1 (webtiles) character file.

Game seed: 20230211 (custom seed)

1365 ueste the Caller (level 8, -2/52 HPs)
             Began as a Merfolk Summoner on Feb 11, 2023.
             Was an Initiate of Hepliaklqana.
             Killed by divine providence
             ... invoked by an orc priest
              (11 damage)
             ... on level 9 of the Dungeon.
             The game lasted 01:52:16 (9707 turns).

ueste the Caller (Merfolk Summoner)                 Turns: 9707, Time: 01:52:17

Health: -2/52      AC:  5    Str: 13    XL:     8   Next: 65%
Magic:  3/15       EV: 14    Int: 23    God:    Hepliaklqana [......]
Gold:   255        SH:  0    Dex: 14    Spells: 7/17 levels left

rFire   . . .      SeeInvis .   q - +2 short sword (drain)
rCold   . . .      Faith    .   (no shield)
rNeg    + . .      Spirit   .   K - +1 robe
rPois   .          Reflect  .   g - +1 hat of the Tuna {Str+5}
rElec   .          Harm     .   E - scarf {repulsion}
rCorr   .          Rampage  .   m - +0 pair of gloves
Will    .....                   (no boots)
Stlth   +++.......              (no amulet)
HPRegen 0.17/turn               t - +6 ring of intelligence
MPRegen 0.14/turn               d - ring of positive energy

@: repel missiles
A: (nimble swimmer 2), mertail
a: Renounce Religion


You were on level 9 of the Dungeon.
You worshipped Hepliaklqana.
Hepliaklqana was noncommittal.
You visited 2 branches of the dungeon, and saw 8 of its levels.
You also visited: Sewer.

You collected 255 gold pieces.

Inventory:

Hand Weapons
 a - a +0 rapier
 c - a +0 dagger
 q - a +2 short sword of draining (weapon)
 z - a +2 war axe of flaming
 B - a +1 vorpal hand axe
 D - a +0 shortbow
 L - a +0 sling
Missiles
 e - 56 stones (quivered)
 p - 24 poisoned darts
 C - 5 silver javelins
Armour
 g - the +1 hat of the Tuna (worn) {Str+5}
   (You acquired it on level 2 of the Dungeon)

   Str:       It affects your strength (+5).
 k - a +0 leather armour
 m - a +0 pair of gloves (worn)
 E - a scarf of repulsion (worn)
 K - a +1 robe (worn)
Jewellery
 d - a ring of positive energy (right hand)
 t - a +6 ring of intelligence (left hand)
Scrolls
 h - a scroll of magic mapping
 r - 2 scrolls of enchant armour
 u - 4 scrolls of noise
 T - a scroll of teleportation
Potions
 b - 2 potions of magic
 f - a potion of brilliance
 i - 3 potions of resistance
 j - a potion of haste
 n - a potion of lignification
 o - a potion of heal wounds
 s - a potion of berserk rage
 F - 2 potions of flight
 H - a potion of mutation
 I - a potion of might
 O - a potion of curing
 R - a potion of attraction


   Skills:
 + Level 4.1 Short Blades
 + Level 2.3 Armour
 + Level 5.3 Dodging
 + Level 4.7 Stealth
 * Level 5.1 Spellcasting
 * Level 6.5 Summonings


You had 7 spell levels left.
You knew the following spells:

 Your Spells              Type           Power      Damage    Failure   Level
a - Summon Small Mammal   Summ           100%       N/A       1%          1
b - Call Imp              Summ           36%        N/A       1%          2
c - Beastly Appendage     Tmut           10%        N/A       10%         1
d - Call Canine Familiar  Summ           36%        N/A       1%          3
e - Summon Guardian Gole  Hex/Summ       21%        N/A       8%          3

Your spell library contained the following spells:

 Spells                   Type           Power      Damage    Failure   Level
 Blink                    Tloc           10%        N/A       14%         2
 Wereblood                Tmut           5%         N/A       14%         2
 Summon Lightning Spire   Summ/Air       21%        N/A       24%         4
 Spider Form              Tmut/Pois      5%         N/A       28%         3
 Hailstorm                Conj/Ice       5%         3d4       67%         4
 Ice Form                 Ice/Tmut       5%         N/A       67%         4
 Manifold Assault         Tloc           5%         N/A       95%         5
 Simulacrum               Ice/Necr       2%         N/A       100%        6
 Storm Form               Tmut/Air       2%         N/A       100%        7


Dungeon Overview and Level Annotations

Branches:
Dungeon (9/15)             Temple (1/1) D:4            Lair (0/5) D:9
  Sewer (visited)
    Orc: D:9-12

Altars:
Ashenzari
Cheibriados
Dithmenos
Elyvilon
Fedhas
Gozag
Hepliaklqana
Kikubaaqudgha
Makhleb
Nemelex Xobeh
Okawaru
Qazlal
Ru
Sif Muna
Uskayaw
Vehumet
Wu Jian
Yredelemnul
Zin

Shops:
D:1 [


Innate Abilities, Weirdness & Mutations

((You are very nimble when in or above water. (Stealth+, EV+, Speed+++)))
Your lower body shifts to a powerful aquatic tail in water.


Message History

The killer bee stings you but does no damage.
The killer bee attacks as you move away!
The killer bee closely misses you.
* * * LOW HITPOINT WARNING * * *
You feel sick. The killer bee barely misses you.
You feel better. The killer bee stings you.
You are poisoned.
The killer bee poisons you! The killer bee barely misses you.
The killer bee stings you but does no damage.
The killer bee barely misses you. The killer bee closely misses you.
The killer bee attacks as you move away!
The killer bee completely misses you.
You feel sick. The killer bee closely misses you. The killer bee misses you.
You feel sick. The killer bee misses you. The killer bee closely misses you.
You feel sick. The killer bee stings you.
* * * LOW HITPOINT WARNING * * *
The killer bee stings you.
* * * LOW HITPOINT WARNING * * *
The killer bee barely misses you.
Blink to where?
Press: ? - help, Dir - move target
Okay, then.
Blink to where?
Press: ? - help, Dir - move target
As you read the scroll of blinking, it crumbles to dust.
You feel sick.
Okay, then.
You feel sick.
You are no longer poisoned.
There is an escape hatch in the floor here.
The killer bee closely misses you.
You slide downwards.
The hatch slams shut behind you.
The orc priest shouts!
The orc shouts!
You hear an angry buzzing noise.
Found a battleaxe and a ring mail.
Found a staircase to the Lair.
The orc shouts!
The orc priest mumbles some strange prayers to Beogh against you.
You are unaffected.
The orc priest calls down the wrath of Beogh upon you.
Beogh smites you!
You die...

##.....##
#.......#
#.......#
#.......#
#.....###
##.......#
#.....o..##
#......o..#
#..@..)o...
##.[...#.#.
#....## .#
>.#### #
###


You could see an orc priest and 2 orcs.

Vanquished Creatures
  A phantom (D:4)
  An orc wizard (D:3)
  An orc (D:4)
  An endoplasm (D:3)
  A giant cockroach (D:4)
  A kobold (D:1)
6 creatures vanquished.

Vanquished Creatures (collateral kills)
  A deep elf pyromancer (D:8)
  Grinder (D:2)
  Sigmund (D:3)
  A kobold brigand (Sewer)
  A gnoll sergeant (D:3)
  An orc priest (D:4)
  An iguana (D:4)
  2 orc wizards (D:4)
  6 gnolls
  5 adders
  A river rat (Sewer)
  An ufetubus (D:4)
  2 worms (D:4)
  6 orcs (D:4)
  10 endoplasms
  3 giant cockroaches
  8 goblins
  8 hobgoblins
  9 ball pythons
  5 bats
  3 frilled lizards
  13 kobolds
  6 rats
95 creatures vanquished.

Vanquished Creatures (others)
  2 plants (D:2)
2 creatures vanquished.

Grand Total: 103 creatures vanquished

Notes
Turn   | Place    | Note
-------+----------+-------------------------------------------
     0 | D:1      | ueste the Merfolk Summoner began the quest for the Orb.
     0 | D:1      | Reached XP level 1. HP: 13/13 MP: 3/3
   125 | D:1      | Reached XP level 2. HP: 18/19 MP: 1/5
   128 | D:1      | Learned a level 2 spell: Call Imp
   835 | D:1      | Found a faded altar of an unknown god.
   898 | D:1      | Reached XP level 3. HP: 24/24 MP: 1/6
  1549 | D:1      | Found Zoqeb's Antique Armour Boutique.
  1757 | D:2      | Learned a level 1 spell: Beastly Appendage
  2523 | D:2      | Reached skill level 1 in Short Blades
  3807 | D:2      | Learned a level 3 spell: Call Canine Familiar
  3866 | D:3      | Noticed Sigmund
  3909 | D:3      | Noticed Grinder
  3921 | D:3      | Noticed a gnoll sergeant
  3972 | D:2      | Identified a scroll of acquirement
  3972 | D:2      | Acquired the +1 hat of the Tuna {Str+5}
  4029 | D:2      | Killed Grinder
  4030 | D:2      | Reached skill level 1 in Armour
  4030 | D:2      | Reached skill level 5 in Summonings
  4030 | D:2      | Reached XP level 4. HP: 20/30 MP: 0/8
  4030 | D:2      | Reached XP level 5. HP: 23/35 MP: 0/9
  4030 | D:2      | Reached XP level 6. HP: 27/41 MP: 0/10
  5541 | D:3      | Killed Sigmund
  5542 | D:3      | Reached XP level 7. HP: 46/46 MP: 7/12
  7767 | D:4      | Found a staircase to the Ecumenical Temple.
  8120 | D:4      | Found a glowing drain.
  8150 | Sewer    | Entered a sewer
  8156 | Sewer    | Learned a level 3 spell: Summon Guardian Golem
  9065 | D:4      | Reached skill level 6 in Summonings
  9065 | D:4      | Reached XP level 8. HP: 45/52 MP: 9/14
  9513 | Temple   | Entered the Ecumenical Temple
  9513 | Temple   | Found a transporter.
  9513 | Temple   | Found a transporter.
  9515 | Temple   | Found a transporter.
  9515 | Temple   | Found a transporter.
  9553 | Temple   | Became a worshipper of Hepliaklqana the Forgotten
  9604 | D:5      | Entered Level 5 of the Dungeon
  9621 | D:5      | You fall into a shaft and drop 3 floors!
  9638 | D:8      | Noticed a deep elf pyromancer
  9653 | D:8      | Killed a deep elf pyromancer
  9654 | D:8      | Reached skill level 5 in Dodging
  9654 | D:8      | Reached skill level 5 in Spellcasting
  9704 | D:9      | Found a staircase to the Lair.
  9707 | D:9      | Killed from afar by an orc priest

Illustrated notes

Levels and vault maps discovered:
D:1:      reono_arrival_mine, layout_basic, basic_ecumenical_altar,
          serial_shops, nicolae_lakefront_shop, minmay_split_cup_large
D:2:      layout_rooms, serial_bayou_lagoon_a, minmay_tall_x
D:3:      layout_rooms, amethyst_killhole, uniq_grinder, uniq_sigmund
D:4:      layout_cave_pools, temple_doors_e, cheibrodos_sewer_entry_bend
D:5:      layout_basic, general_overflow_altar, enter_ossuary_2
D:8:      layout_cave_pools, mainiacjoe_overflow_divided_tiny, enter_bailey_4,
          serial_shops, nicolae_diamond_shop, guppyfry_early_elven_hall
D:9:      layout_rooms, lair_entry_dummy, special_room [special_room_kobold],
          gammafunk_ghost_nasty_kobolds, onia_ninara_cookie
Temple:   hellmonk_temple_divided_pantheon

Skill      XL: |  1  2  3  4  5  6  7  8 |
---------------+-------------------------+-----
Dodging        | 3 4 5 |  5.3
Short Blades   | 2 3 4 |  4.1
Armour         | 1 2 |  2.3
Stealth        | 3 4 |  4.7
Spellcasting   | 3 4 5 |  5.1
Summonings     | 5 6 |  6.5

Action                   |  1- 3 |  4- 6 |  7- 9 || total
-------------------------+-------+-------+-------++-------
Melee: Dagger            |     9 |       |       ||     9
       Short sword       |    20 |     1 |    25 ||    46
       Tailslap          |     2 |       |       ||     2
       Punch             |       |       |     1 ||     1
Throw: Stone             |       |       |     3 ||     3
 Cast: Summon Small Mamm |    69 |    12 |    70 ||   151
       Call Imp          |    45 |     9 |    28 ||    82
       Call Canine Famil |       |    11 |    35 ||    46
       Summon Guardian G |       |       |     1 ||     1
  Use: Potion            |     6 |       |     1 ||     7
       Scroll            |     4 |     4 |     9 ||    17
 Stab: Distracted        |       |       |     2 ||     2
       Sleeping          |       |       |     1 ||     1
Armor: Robe              |     9 |     4 |    15 ||    28
Dodge: Dodged            |    23 |    25 |    79 ||   127
       Repelled          |       |       |     1 ||     1
